Map: Traitor's Exile

Players

SANTACLAUS

  • Race: Zerg Zerg
  • Spawn Location: 5:00

IIIIIIIIIIII

  • Race: Protoss Protoss
  • League: Master
  • Spawn Location: 6:00

PureLegacy - Winner!

  • Race: Terran Terran
  • Spawn Location: 12:00

ADOIFHlTLER - Winner!

  • Race: Terran Terran
  • League: Master
  • Spawn Location: 9:00

VOD

Have the link to the VOD?

Description

Time

  • Played on: Nov. 22, 2018, 10:33 a.m.
  • Length: 5:25
Show
View Real Time Build Order
Export as new Build Order

SANTACLAUS Zerg 

Build Orders: Hatch First, Ravager All-In 

Get SALT Encoding   

  12  0:01  Drone  
  13  0:13  Overlord  
  13  0:20  Drone  
  14  0:33  Drone x2  
  16  0:37  Drone  
  17  0:46  Drone  
  18  1:01  Drone  
  18  1:02  Hatchery  
  18  1:09  Extractor  
  17  1:16  Spawning Pool  
  16  1:20  Drone  
  17  1:26  Drone  
  18  1:41  Extractor  
  18  1:43  Overlord  
  18  1:44  Drone  
  18  1:50  Drone  
  19  2:05  Roach Warren, Queen  
  20  2:15  Drone x2  
  22  2:19  Overlord  
  22  2:45  Roach x2  
  22  2:46  Roach x2  
  22  2:50  Roach  
  32  2:56  Roach  
  34  3:11  Roach x2  
  34  3:12  Roach  
  40  3:14  Ravager  
  41  3:22  Overlord  
  41  3:30  Overlord  
  41  3:49  Roach  
  41  3:50  Roach x2  
  41  3:54  Ravager x3  
  48  4:15  Overlord  
  49  4:17  Ravager  
  49  4:18  Ravager  
  49  4:20  Roach  
  52  4:33  Overlord  
  52  4:43  Roach  
  52  4:44  Roach x3  
  41  4:57  Roach  
  41  4:58  Roach x2  
Show
View Real Time Build Order
Export as new Build Order

IIIIIIIIIIII Protoss 

Build Orders:  

Get SALT Encoding   

  12  0:02  Probe  
  14  0:14  Probe  
  14  0:22  Pylon  
  14  0:26  Probe  
  15  0:37  Probe  
  15  0:41  Gateway  
  16  0:45  Probe  
  17  0:51  Assimilator  
  17  0:54  Probe  
  18  1:00  Assimilator  
  18  1:06  Probe  
  19  1:18  Probe  
  20  1:24  Pylon  
  20  1:30  Cybernetics Core  
  20  1:37  Gateway, Probe  
  21  1:48  Warp Gate  
  21  1:50  Probe  
  22  1:57  Stalker  
  22  2:04  Probe  
  25  2:16  Probe  
  26  2:25  Stalker  
  26  2:27  Stalker  
  29  2:49  Gateway  
  29  2:50  Gateway  
  29  2:56  Stalker  
  29  2:57  Stalker  
  30  2:58  Probe  
  31  3:05  Pylon  
  31  3:32  Shield Battery  
  31  3:50  Stalker  
  31  3:51  Stalker x2  
  31  3:55  Pylon  
  37  3:57  Stalker  
  39  4:18  Stalker x2  
  39  4:22  Stalker  
  41  4:35  Stalker  
  33  4:44  Stalker  
  32  4:51  Stalker, Sentry  
  36  5:05  Stalker  
  38  5:09  Stalker  
  38  5:13  Sentry  
Show
View Real Time Build Order
Export as new Build Order

PureLegacy Terran - Winner!

Build Orders:  

Get SALT Encoding   

  12  0:01  SCV  
  13  0:13  SCV  
  14  0:18  Supply Depot  
  14  0:25  SCV  
  15  0:29  Refinery  
  15  0:40  SCV  
  16  0:45  Barracks  
  16  0:52  SCV  
  17  1:02  Barracks  
  17  1:15  Barracks  
  17  1:20  SCV  
  19  1:32  Reaper  
  19  1:39  Orbital Command  
  19  1:49  Refinery  
  19  1:50  Reaper  
  20  1:59  Supply Depot  
  20  2:06  Reaper  
  20  2:07  Reaper  
  22  2:17  SCV  
  22  2:22  Supply Depot  
  23  2:23  Reaper  
  25  2:30  SCV  
  25  2:38  Reaper  
  25  2:42  SCV  
  27  2:50  Reaper  
  27  2:57  Reaper  
  27  2:58  SCV  
  29  3:08  Command Center  
  29  3:13  Reaper  
  29  3:14  SCV  
  31  3:22  Reaper  
  32  3:28  SCV  
  32  3:30  Reaper  
  34  3:40  Barracks  
  34  3:41  Barracks  
  34  3:45  Reaper  
  35  3:50  Engineering Bay  
  35  3:54  SCV  
  35  3:56  Reaper  
  35  4:12  Reaper  
  35  4:13  SCV  
  37  4:18  Reaper  
  37  4:21  Orbital Command  
  38  4:39  Reaper  
  34  4:49  Reaper  
  34  4:51  Reaper  
  29  4:58  SCV  
  27  5:03  SCV  
  29  5:11  SCV  
Show
View Real Time Build Order
Export as new Build Order

ADOIFHlTLER Terran - Winner!

Build Orders: Cyclone Opening 

Get SALT Encoding   

  12  0:00  SCV  
  13  0:12  SCV  
  14  0:18  Supply Depot  
  14  0:25  SCV  
  15  0:31  Refinery  
  15  0:39  SCV  
  16  0:47  Barracks  
  16  0:52  SCV  
  17  1:04  SCV  
  18  1:16  SCV  
  19  1:35  Marine  
  19  1:36  Factory, Orbital Command  
  20  1:42  Supply Depot  
  20  1:58  Barracks Tech Lab  
  20  2:03  SCV  
  21  2:24  Command Center  
  21  2:28  Cyclone  
  24  2:30  SCV  
  25  2:38  Refinery  
  25  2:40  Supply Depot  
  25  2:43  SCV  
  26  2:55  SCV  
  26  2:56  Factory  
  27  3:07  SCV  
  27  3:08  Barracks Reactor  
  28  3:19  SCV  
  29  3:26  Cyclone  
  32  3:31  SCV  
  33  3:37  Orbital Command  
  33  3:43  SCV  
  33  3:47  Mag-Field Accelerator  
  34  3:51  Hellion x2  
  34  3:55  SCV  
  39  4:02  SCV  
  40  4:07  SCV  
  40  4:08  Cyclone  
  44  4:14  SCV  
  45  4:19  SCV  
  45  4:22  Hellion  
  48  4:27  SCV  
  49  4:32  Hellion  
  49  4:38  SCV  
  51  4:39  SCV  
  52  4:45  Supply Depot  
  52  4:50  SCV  
  52  4:51  SCV  
  54  4:58  Refinery  
  54  5:05  Factory  
  54  5:07  SCV  
Tags
 
Add a new tag
Caveats
  • Supply blocks, unpowered buildings, or Contaminate may cause inaccurate times.
  • Supply counts are checked every 10 seconds.